 Dungeon Crawl Stone Soup version 0.29.0-15-g675c0067aa (webtiles) character file.

Game seed: 10673540681458643925

579 Frenzy the Chopper (level 7, -1/61 HPs)
             Began as a Hill Orc Fighter on Sept 12, 2022.
             Was an Initiate of Okawaru.
             Succumbed to an orc wizard's poison
             ... on level 5 of the Dungeon.
             The game lasted 00:16:13 (3498 turns).

Frenzy the Chopper (Hill Orc Fighter)               Turns: 3498, Time: 00:16:14

Health: -1/61      AC: 16    Str: 21    XL:     7   Next: 36%
Magic:  7/7        EV:  6    Int:  8    God:    Okawaru [......]
Gold:   211        SH:  4    Dex: 10    Spells: 6/6 levels left

rFire   + . .      SeeInvis .   a - +1 war axe
rCold   . . .      Faith    .   c - +0 buckler
rNeg    . . .      Spirit   .   p - +2 plate armour
rPois   .          Reflect  .   (no helmet)
rElec   .          Harm     .   (no cloak)
rCorr   .          Rampage  .   n - +0 pair of gloves
Will    .....                   r - +0 pair of boots
Stlth   ..........              (no amulet)
HPRegen 0.20/turn               o - ring of protection from fire
MPRegen 0.10/turn               (no ring)

@: lethally poisoned (-1 -> -38)
A: no striking features
a: Renounce Religion


You were on level 5 of the Dungeon.
You worshipped Okawaru.
Okawaru was noncommittal.
You visited 1 branch of the dungeon, and saw 5 of its levels.

You collected 211 gold pieces.

Inventory:

Hand Weapons
 a - a +1 war axe (weapon)
Missiles
 j - 22 stones (quivered)
Armour
 c - a +0 buckler (worn)
 n - a +0 pair of gloves (worn)
 p - a +2 plate armour (worn)
 r - a +0 pair of boots (worn)
Jewellery
 o - a ring of protection from fire (left hand)
Scrolls
 e - a scroll of teleportation
 i - 3 scrolls of torment
Potions
 b - a potion of curing {unknown}
 d - a potion of might
 f - a potion of attraction {unknown}
 g - 3 potions of flight
 h - 2 potions of magic
 k - 2 potions of heal wounds
 l - a potion of resistance {unknown}
 m - 2 potions of brilliance


   Skills:
 + Level 5.0 Fighting
 + Level 6.7 Axes
 + Level 5.3 Armour
 + Level 1.2 Dodging
 + Level 0.8 Stealth
 + Level 4.3 Shields


You had 6 spell levels left.
You didn't know any spells.
Your spell library contained the following spells:

 Spells                   Type           Power      Damage    Failure   Level
 Dazzling Flash           Conj/Hex       0%         N/A       100%        3
 Ignite Poison            Fire/Tmut/Pois 0%         N/A       100%        3
 Mephitic Cloud           Conj/Pois/Air  0%         N/A       100%        3
 Iskenderun's Mystic Bla  Conj/Tloc      0%         2d3       100%        4
 Freezing Cloud           Conj/Ice/Air   0%         6-21      100%        5
 Starburst                Conj/Fire      0%         6d3       100%        6


Dungeon Overview and Level Annotations

Branches:
Dungeon (5/15)
 Temple: D:4-7

Altars:
Dithmenos
Okawaru
Ru
Trog
Uskayaw
The Shining One


Message History

You are more poisoned.
You hit the orc wizard.
The orc wizard is heavily wounded.
You feel very sick.
The orc wizard hits you but does no damage.
You are more poisoned.
You closely miss the orc wizard.
The orc wizard is heavily wounded.
You slash the orc!
You kill the orc!
Okawaru accepts your kill.
You feel very sick.
The orc wizard hits you but does no damage.
You are more poisoned.
The iguana bites you but does no damage.
The orc wizard hits you with a +1 dagger of venom.
You are lethally poisoned!
You hit the orc wizard.
The orc wizard is severely wounded.
You barely miss the orc. You hit the iguana.
You feel extremely sick.
The orc wizard hits you but does no damage.
You are more poisoned.
You block the orc's attack. The iguana bites you.
You hit the iguana but do no damage.
The iguana is moderately wounded.
You slash the orc!
You kill the orc!
Okawaru accepts your kill.
You completely miss the orc wizard.
* * * LOW HITPOINT WARNING * * *
You feel extremely sick.
The orc wizard hits you but does no damage.
You are more poisoned.
The iguana bites you but does no damage.
You slash the orc wizard!
You kill the orc wizard!
Okawaru accepts your kill.
You hit the iguana but do no damage.
You die...

######## #.. ##
##......## #.≈ ##.
##........##### #...
#..........# .....
#>.........# #....#
#..........# ## #.....#
#..........# #.
#.....)###..........# #.
#.....)@.†.........####.
###...l..#..........##..
#.##..##.............#
.[ .....#..........##.#
. ......................
.....#...#+##..........
........# #########.#
.....##.# #.. # #..


You could see an iguana.

Vanquished Creatures
  A sky beast (D:5)
  A bullfrog (D:3)
  A scorpion (D:5)
  A hound (D:4)
  2 orc priests
  An iguana (D:4)
  3 orc wizards
  The ghost of void236 the Grave Robber, a weakling DsNe of Qazlal (D:3)
  10 adders
  An ufetubus (D:4)
  2 dart slugs
  10 orcs
  5 bats
  7 endoplasms
  6 goblins
  9 hobgoblins
  5 jackals
  5 kobolds
  3 quokkas
  8 ball pythons
  4 frilled lizards
  8 rats
94 creatures vanquished.

Vanquished Creatures (others)
  4 fungi (D:3)
  7 plants (D:3)
11 creatures vanquished.

Grand Total: 105 creatures vanquished

Notes
Turn   | Place    | Note
-------+----------+-------------------------------------------
     0 | D:1      | Frenzy the Hill Orc Fighter began the quest for the Orb.
     0 | D:1      | Reached XP level 1. HP: 19/19 MP: 1/1
   117 | D:1      | Reached XP level 2. HP: 15/27 MP: 2/2
   192 | D:1      | Reached skill level 3 in Axes
   309 | D:1      | Reached XP level 3. HP: 22/33 MP: 3/3
   768 | D:2      | Reached skill level 4 in Axes
   768 | D:2      | Reached XP level 4. HP: 26/40 MP: 4/4
  1857 | D:3      | Reached XP level 5. HP: 29/47 MP: 5/5
  1895 | D:3      | Found a runed translucent door.
  1909 | D:3      | Noticed void236's ghost (weakling DsNe)
  1924 | D:3      | Reached skill level 5 in Axes
  1924 | D:3      | Reached skill level 1 in Dodging
  1932 | D:3      | Killed void236's ghost
  1961 | D:3      | Reached XP level 6. HP: 27/53 MP: 6/6
  2056 | D:3      | Found an iron altar of Okawaru.
  2066 | D:3      | Became a worshipper of Warmaster Okawaru
  2336 | D:3      | Found a faded altar of an unknown god.
  2613 | D:4      | Found a bloodstained altar of Trog.
  2768 | D:4      | Found a shadowy altar of Dithmenos.
  2786 | D:4      | Found a sacrificial altar of Ru.
  2840 | D:4      | Reached skill level 5 in Armour
  2955 | D:4      | Reached skill level 6 in Axes
  3140 | D:4      | Found a glowing golden altar of the Shining One.
  3375 | D:5      | Entered Level 5 of the Dungeon
  3382 | D:5      | Reached XP level 7. HP: 55/60 MP: 7/7
  3442 | D:5      | Found a hide-covered altar of Uskayaw.
  3489 | D:5      | Reached skill level 5 in Fighting
  3498 | D:5      | Succumbed to an orc wizard's poison

Illustrated notes

Levels and vault maps discovered:
D:1:      sevenhm_arrival_forest_fort_small_5, layout_basic
D:2:      layout_loops_ring
D:3:      layout_loops_ring, okawaru_metal_pillars_1_2, ebering_ghost_sewer_d,
          shapermc_ecumenical_altar_mp_urbaneastern
D:4:      layout_loops_ring, nicolae_ru_path_of_blood,
          nicolae_dithmenos_through_a_glass_darkly, lemuel_crystal_altar,
          bloody_trog, kennysheep_nondescript, kennysheep_generic_room_6
D:5:      minmay_bubble_buster, layout_rooms, mainiacjoe_overflow_alcove_2,
          nicolae_uskayaw_suspiria

Skill      XL: |  1  2  3  4  5  6  7 |
---------------+----------------------+-----
Axes           | 3 4 5 6 |  6.7
Fighting       | 4 5 |  5.0
Armour         | 4 5 |  5.3
Dodging        | 1 |  1.2
Shields        | 4 |  4.3
Stealth        | |  0.8

Action                   |  1- 3 |  4- 6 |  7- 9 || total
-------------------------+-------+-------+-------++-------
Melee: War axe           |    91 |   161 |    21 ||   273
  Use: Scroll            |       |    15 |       ||    15
Armor: Scale mail        |    46 |    40 |       ||    86
       Plate armour      |       |    66 |    21 ||    87
Dodge: Dodged            |    36 |    61 |     1 ||    98
Block: Buckler           |    27 |    37 |     2 ||    66
